 Dungeon Crawl Stone Soup version 0.31-a0-466-g98c9adc2b6 (webtiles) character file.

Game seed: 8711693223194326229

39 Ofeo the Ruffian (level 3, -1/40 HPs)
             Began as a Demonspawn Shapeshifter on Aug 6, 2023.
             Slain by an adder (2 damage)
             ... on level 2 of the Dungeon.
             The game lasted 00:01:07 (1968 turns).

Ofeo the Ruffian (Demonspawn Shapeshifter)          Turns: 1968, Time: 00:01:07

Health: -1/40      AC:  2    Str: 17    XL:     3   Next: 28%
Magic:  3/3        EV: 12    Int:  9    God:
Gold:   47         SH:  0    Dex: 13    Spells: 2/2 levels left

rFire   . .          .
                       - Unarmed
rCold   . . .        (no shield)
rNeg    . . .        a - +0 animal skin
rPois   .            (helmet currently unavailable)
rElec   .            (cloak currently unavailable)
rCorr   .            (gloves currently unavailable)
SInv    .            (boots currently unavailable)
Will    +....        (no amulet) Stlth
                     (no ring)
HPRegen 0.26/turn    (no ring)
MPRegen 0.08/turn

%: no passive effects
@: berserking, lethally poisoned (-1 -> -12), beast-form, enlightened, flying,
very quick
A: beast (slay +2), demonic guardian 1
a: Begin Untransformation


You were on level 2 of the Dungeon.
You were a hulking beast.
You visited 1 branch of the dungeon, and saw 2 of its levels.

You collected 91 gold pieces.
You spent 44 gold pieces at shops.

Inventory:

Armour
 a - a +0 animal skin (worn)
Jewellery
 l - a +6 ring of strength
Talismans
 c - a beast talisman (active)
Scrolls
 d - 2 scrolls of amnesia {unknown}
 e - 2 scrolls of identify {unknown}
 g - a scroll of poison {unknown}
 j - a scroll of teleportation {unknown}
 m - a scroll of blinking {unknown}
 n - 2 scrolls of fear {unknown}
 o - a scroll of immolation {unknown}
 p - a scroll of fog {unknown}
Potions
 b - a potion of lignification
 h - a potion of might {@q4}
 k - a potion of ambrosia {unknown}


   Skills:
 + Level 1.8 Fighting
 + Level 2.3 Dodging
 + Level 3.0 Unarmed Combat
 + Level 3.0 Shapeshifting


You had 2 spell levels left.
You didn't know any spells.
Your spell library contained the following spells:

 Spells                   Type           Power      Damage    Failure   Level
 Magic Dart               Conj           0%         1d3       38%         1
 Sandblast                Erth           0%         2d4       38%         1
 Passwall                 Tmut/Erth      0%         N/A       52%         2
 Searing Ray              Conj           0%         2d4       52%         2
 Stone Arrow              Conj/Erth      0%         3d7       77%         3
 Fulminant Prism          Conj/Hex       0%         3d5       99%         4


Dungeon Overview and Level Annotations

Branches:
Dungeon (2/15)

Altars:

Shops:
D:1 !


Innate Abilities, Weirdness & Mutations

You are a hulking beast.
Your limbs bulge with bestial killing power. (Slay +2)
A weak demonic guardian rushes to your aid.


Message History

There are monsters nearby!
There are monsters nearby!
You miss the adder.
The adder is lightly wounded.
You feel sick. The adder bites you but does no damage.
You take 1 damage, and have 15/27 hp.
You closely miss the adder.
The adder is lightly wounded.
You feel sick. The adder bites you.
You are lethally poisoned!
The adder poisons you! The goblin hits you but does no damage.
You take 3 damage, and have 12/27 hp.
You hit the goblin.
You kill the goblin!
You feel very sick. The adder barely misses you. The adder misses you.
Your Shapeshifting skill increases to level 3!
You take 3 damage, and have 9/27 hp.
* * * LOW HITPOINT WARNING * * *
You feel very sick.
Things that are here:
a +0 club; a goblin corpse You take 3 damage, and have 6/27 hp.
It was a potion of enlightenment.
You feel very buoyant.
You fly up into the air.
* * * LOW HITPOINT WARNING * * *
You feel sick. The adder bites you.
* * * LOW HITPOINT WARNING * * *
A demonic guardian appears!
You take 3 damage, and have 3/27 hp.
It was a potion of berserk rage.
A red film seems to cover your vision as you go berserk!
You feel yourself moving faster!
You feel mighty!
* * * LOW HITPOINT WARNING * * *
You feel sick. The adder bites you.
* * * LOW HITPOINT WARNING * * *
You are more poisoned.
The adder poisons you! The adder bites you.
You die...

#.#......).#.....#
#.############...#
#......# #<#.#.#
###..###.#
#...#.####
#.....##.#
#####..#..
######..##.#
##..#.
........##.# ##..#
#......###5# ##..
.......Sh..# ##.
#..#######....##
## ... #.##...# ##
#.# #.. #.# #. #.#
#. #### #g# #.
#... .# #.## #.##
#..####.#


You could see an adder (ally target) and a friendly shadow imp (summoned).

Vanquished Creatures
  An adder (D:2)
  A worm (D:2)
  A dart slug (D:2)
  2 endoplasms
  5 goblins
  3 hobgoblins
  A jackal (D:2)
  A quokka (D:2)
  A bat (D:1)
  A kobold (D:1)
  3 rats
20 creatures vanquished.

Vanquished Creatures (collateral kills)
  A worm (D:2)
1 creature vanquished.

Grand Total: 21 creatures vanquished

Notes
Turn   | Place    | Note
-------+----------+-------------------------------------------
     0 | D:1      | Ofeo the Demonspawn Shapeshifter began the quest for the
                  | Orb.
     0 | D:1      | Reached XP level 1. HP: 15/15 MP: 1/1
   629 | D:1      | Found Ejuaheygeu's Distillery.
   636 | D:1      | Bought a potion of might for 44 gold pieces
  1355 | D:2      | Gained mutation: A weak demonic guardian rushes to your
                  | aid. [demonic ancestry]
  1355 | D:2      | Reached XP level 2. HP: 21/21 MP: 2/2
  1763 | D:2      | Reached XP level 3. HP: 16/27 MP: 3/3
  1968 | D:2      | HP: 1/40 [adder (2)]
  1968 | D:2      | Slain by an adder

Illustrated notes

Levels and vault maps discovered:
D:1:      lightli_arrival_noodles, layout_basic, serial_shops,
          nicolae_shop_hallway_plus, minmay_pentomino_v2
D:2:      layout_basic, hellmonk_ecumenical_altar_run_dry,
          serial_bayou_lagoon_a, minmay_3d_cube, uniq_sigmund

Skill      XL: |  1  2  3 |
---------------+----------+-----
Dodging        | 2 |  2.3
Unarmed Combat | 3 |  3.0
Shapeshifting  | 3 |  3.0
Fighting       | |  1.8

Action                     || total
---------------------------++-------
  Melee: Unarmed           ||    72
    Use: Potion            ||     2
   Stab: Distracted        ||     1
 Armour: Animal skin       ||    12
  Dodge: Dodged            ||    34

Table legend: (Time is in decaauts)
 A = Elapsed time spent in this place.
 B = Non-inter-level travel time spent in this place.
 C = Inter-level travel time spent in this place.
 D = Time resting spent in this place.
 E = Time spent auto-exploring this place.
 F = Levels seen in this place.
 G = Mean time per level.
                   A        B        C        D        E       F      G
               +--------+--------+--------+--------+--------+-----+--------+
         Total |   1976 |   1924 |     52 |     48 |   1707 |   2 |  988.0 |
       Dungeon |   1976 |   1924 |     52 |     48 |   1707 |   2 |  988.0 |
               +--------+--------+--------+--------+--------+-----+--------+

Top non-repeatable levels by time:
     D:1: 1346 daAuts
     D:2: 630 daAuts
